 Dungeon Crawl Stone Soup version 0.30-a0-1082-g70414cbcbb (webtiles) character file.

Game seed: 15851335516420406799

22 FlurksSlurper the Sneak (level 2, 0/24 HPs)
             Began as a Demonspawn Delver on Apr 15, 2023.
             Slain by an orc
             ... wielding a +0 whip
              (5 damage)
             ... on level 3 of the Dungeon.
             The game lasted 00:01:16 (373 turns).

FlurksSlurper the Sneak (Demonspawn Delver)          Turns: 373, Time: 00:01:16

Health: 0/24       AC:  7    Str: 12    XL:     2   Next: 68%
Magic:  2/2        EV: 11    Int: 11    God:
Gold:   9          SH:  4    Dex: 14    Spells: 1/1 levels left

rFire   . . .      SeeInvis .    j - +0 spear
rCold   . . .      Faith    .    h - +1 buckler
rNeg    . . .      Spirit   .    a - +0 leather armour
rPois   .          Reflect  .    (helmet restricted)
rElec   .          Rampage  .    (no cloak)
rCorr   .                        (no gloves)
Will    .....                    (no boots)
Stlth   +++                      (no amulet)
HPRegen 0.24/turn                i - +4 ring of protection
MPRegen 0.08/turn                (no ring)

@: hasted, very quick
A: antennae 1
a: no special abilities


You were on level 3 of the Dungeon.
You visited 1 branch of the dungeon, and saw 3 of its levels.

You collected 9 gold pieces.

Inventory:

Hand Weapons
 j - a +0 spear (weapon)
Armour
 a - a +0 leather armour (worn)
 h - a +1 buckler (worn)
Jewellery
 i - a +4 ring of protection (left hand)
Wands
 f - a wand of digging (3)
Scrolls
 b - 2 scrolls of fog
 c - a scroll of magic mapping
 d - a scroll of fear
 k - a scroll of silence
 l - 3 scrolls of enchant armour


   Skills:
 + Level 3.2 Fighting
 + Level 0.1 Polearms
 + Level 2.3 Dodging
 + Level 4.8 Stealth
 + Level 1.7 Unarmed Combat


You had one spell level left.
You didn't know any spells.
Your spell library was empty.

Dungeon Overview and Level Annotations

Branches:
Dungeon (5/15)
 Temple: D:4-7

Altars:
Cheibriados


Innate Abilities, Weirdness & Mutations

You have a pair of small antennae on your head.


Message History

The adder is moderately wounded.
You feel sick. The adder barely misses you. The adder closely misses you.
You closely miss the adder.
The adder is moderately wounded.
You feel sick. The adder barely misses you.
You hit the adder.
The adder is almost dead.
You feel sick.
You are no longer poisoned.
The adder closely misses you. The adder bites you.
You are poisoned.
The adder poisons you!
You hit the adder.
You kill the adder!
You feel sick.
You closely miss the orc.
You feel sick. The orc hits you with a +0 whip.
* * * LOW HITPOINT WARNING * * *
You closely miss the orc.
You feel sick. You block the orc's attack.
You closely miss the orc.
You feel sick. The orc barely misses you.
You feel yourself speed up.
You feel sick. The orc barely misses you.
You hit the orc.
The orc is heavily wounded.
You feel sick.
You are no longer poisoned.
The orc barely misses you.
You closely miss the orc.
The orc is heavily wounded.
The orc barely misses you.
You closely miss the orc.
The orc is heavily wounded.
The orc barely misses you.
You hit the orc but do no damage.
The orc is heavily wounded.
You closely miss the orc.
The orc is heavily wounded.
You block the orc's attack.
You hit the orc but do no damage.
The orc is heavily wounded.
The orc hits you with a +0 whip.
You die...

#.##.# #.# #
#.##.###.##.#.##
#.#............+
####.#..#.#.##.#.##
........#....# #.#
###..##.####.#.#.#
###.###........#.#
.#.............#.#
.#..#####...##.#@#
.#.######.####.#o#
.........†.....#{#
##+######.######o#
#...oo..o#
#...o##### #.....##
###.#..## #.##..##


You could see 3 orcs.

Vanquished Creatures
  2 adders (D:3)
  A ball python (D:3)
  A giant cockroach (D:3)
  A kobold (D:3)
5 creatures vanquished.

Notes
Turn   | Place    | Note
-------+----------+-------------------------------------------
     0 | D:5      | FlurksSlurper the Demonspawn Delver began the quest for the
                  | Orb.
     0 | D:5      | Reached XP level 1. HP: 18/18 MP: 1/1
    69 | D:5      | Noticed an ogre
   254 | D:3      | Gained mutation: You have a pair of small antennae on your
                  | head. [demonic ancestry]
   254 | D:3      | Reached XP level 2. HP: 7/24 MP: 2/2
   373 | D:3      | Slain by an orc

Illustrated notes

Levels and vault maps discovered:
D:3:      layout_basic, minivault_11, dilly_guarded_unrand_morg
D:4:      layout_basic, bloody_makhleb, minmay_mini_jars
D:5:      layout_basic, amcnicky_altar_gilded, minmay_temple_entry_offerings,
          uniq_edmund

Skill      XL: |  1 |
---------------+----+-----
Dodging        | 2 |  2.3
Fighting       | |  3.2
Polearms       | |  0.1
Stealth        | |  4.8
Unarmed Combat | |  1.7

Action                     || total
---------------------------++-------
  Melee: Spear             ||    42
    Use: Scroll            ||     2
         Potion            ||     2
   Stab: Sleeping          ||     2
 Armour: Leather armour    ||    15
  Dodge: Dodged            ||    32
  Block: Buckler           ||     7

Table legend: (Time is in decaauts)
 A = Elapsed time spent in this place.
 B = Non-inter-level travel time spent in this place.
 C = Inter-level travel time spent in this place.
 D = Time resting spent in this place.
 E = Time spent auto-exploring this place.
 F = Levels seen in this place.
 G = Mean time per level.
                   A        B        C        D        E       F      G
               +--------+--------+--------+--------+--------+-----+--------+
         Total |    376 |    369 |      7 |     71 |    151 |   3 |  125.3 |
       Dungeon |    376 |    369 |      7 |     71 |    151 |   3 |  125.3 |
               +--------+--------+--------+--------+--------+-----+--------+

Top non-repeatable levels by time:
     D:3: 197 daAuts
     D:4: 107 daAuts
     D:5: 71 daAuts
